 Dungeon Crawl Stone Soup version 0.30.0-11-gf55b779eaf (webtiles) character file.

Game seed: 3023984703688228229

5842 Sobieck the Unseen (level 11, -1/73 HPs)
             Began as a Kobold Brigand on May 16, 2023.
             Was a Priest of Wu Jian.
             Slain by an orc warrior
             ... wielding a +0 flail
              (12 damage)
             ... on level 9 of the Dungeon on May 17, 2023.
             The game lasted 00:30:24 (10225 turns).

Sobieck the Unseen (Kobold Brigand)                Turns: 10225, Time: 00:30:25

Health: -1/73      AC: 10    Str:  9    XL:     11   Next: 7%
Magic:  11/11      EV: 14    Int: 16    God:    Wu Jian [***...]
Gold:   602        SH:  0    Dex: 20    Spells: 10/10 levels left

rFire   . . .        b - +4 dagger (speed) {short}
rCold   . . .        (no shield)
rNeg    . . .        A - +1 ring mail of Joeblogo {rElec Int+3}
rPois   .            (no helmet)
rElec   +            c - +0 cloak
rCorr   .            k - +0 pair of gloves
SInv    .            n - +1 pair of boots
Will    .....        q - amulet of magic regeneration {@e2}
Stlth   +++++++      (no ring)
HPRegen 0.32/turn    (no ring)
MPRegen 0.52/turn

%: no passive effects
@: no status effects
A: small, no large weapons, nightstalker 3
a: Renounce Religion, Wall Jump, Serpent's Lash


You were on level 9 of the Dungeon.
You worshipped Wu Jian.
Wu Jian was most pleased with you.
You visited 2 branches of the dungeon, and saw 10 of its levels.
You also visited: Sewer.

You collected 602 gold pieces.


Innate Abilities, Weirdness & Mutations

You are small and have problems with some larger weapons.
You are completely attuned to the shadows.


   Skills:
 + Level 10.4 Fighting
 - Level 10.0 Short Blades
 - Level 2.1 Throwing
 - Level 4.0 Dodging
 - Level 15.0 Stealth


You had 10 spell levels left.
You didn't know any spells.
Your spell library contained the following spells:

 Spells                   Type           Power      Damage    Failure   Level
 Apportation              Tloc           0%         N/A       56%         1
 Shock                    Conj/Air       0%         1d3       56%         1
 Momentum Strike          Conj/Tloc      0%         3d8       71%         2
 Stone Arrow              Conj/Erth      0%         3d7       91%         3
 Teleport Other           Tloc           0%         N/A       91%         3
 Animate Armour           Summ/Erth      0%         N/A       100%        4
 Alistair's Intoxication  Tmut/Pois      0%         N/A       100%        5
 Freezing Cloud           Conj/Ice/Air   0%         6-21      100%        5
 Lehudib's Crystal Spear  Conj/Erth      0%         10d2      100%        8
 Chain Lightning          Conj/Air       0%         N/A       100%        9

Inventory:

Hand Weapons
 a - a +3 heavy dagger {short}
 b - a +4 dagger of speed (weapon) {short}
   (You took it off a kobold on level 9 of the Dungeon)
 g - a +0 rapier {short}
   (You found it on level 6 of the Dungeon)
 i - a +2 heavy trident {polearm}
   (You took it off a gnoll sergeant on level 8 of the Dungeon)
 H - a +3 short sword {short}
   (You took it off a wight on level 7 of the Dungeon)
Missiles
 d - 41 poisoned darts (quivered) {throwing}
 e - 3 curare-tipped darts {=fthrowing}
 f - 148 stones {throwing}
 l - 11 boomerangs {throwing}
 E - 9 throwing nets {=f!fthrowing}
Armour
 c - a +0 cloak (worn)
 k - a +0 pair of gloves (worn)
   (You found it on level 7 of the Dungeon)
 n - a +1 pair of boots (worn)
   (You found it on level 7 of the Dungeon)
 s - a +0 kite shield
   (You took it off a gnoll sergeant on level 8 of the Dungeon)
 A - the +1 ring mail of Joeblogo (worn) {rElec Int+3}
   (You found it on level 4 of the Dungeon)

   Int:       It affects your intelligence (+3).
   rElec:     It insulates you from electricity.
 D - the +1 pair of boots "Raxexom" {rElec rPois rF+ Will-}
   (You found it on level 3 of the Dungeon)

   rF:        It protects you from fire.
   rElec:     It insulates you from electricity.
   rPois:     It protects you from poison.
   Will:      It decreases your willpower.
 J - a +0 leather armour
   (You found it on level 4 of the Dungeon)
 L - a +0 leather armour
   (You took it off an orc on level 4 of the Dungeon)
 N - a +0 robe
   (You found it on level 4 of the Dungeon)
 P - a +0 robe
   (You took it off Sigmund on level 5 of the Dungeon)
 Q - a +0 robe
   (You took it off an orc wizard on level 3 of the Dungeon)
 R - a +0 leather armour
   (You found it on level 3 of the Dungeon)
 S - a +0 scale mail
   (You found it on level 5 of the Dungeon)
 U - a +0 robe
   (You found it on level 5 of the Dungeon)
 V - a +0 leather armour
   (You took it off an orc on level 5 of the Dungeon)
 X - a scarf of invisibility
   (You found it on level 6 of the Dungeon)
Jewellery
 q - an amulet of magic regeneration (around neck) {@e2}
   (You found it on level 8 of the Dungeon)
 T - an amulet of faith {!P}
   (You found it on level 5 of the Dungeon)
Wands
 m - a wand of flame (11)
   (You took it off a wight on level 7 of the Dungeon)
 t - a wand of light (12)
   (You found it on level 6 of the Dungeon)
 x - a wand of iceblast (5)
   (You found it on level 3 of the Dungeon)
 C - a wand of mindburst (20)
   (You took it off Ijyb on level 3 of the Dungeon)
 I - a wand of polymorph (8)
   (You found it on level 8 of the Dungeon)
Scrolls
 o - 2 scrolls of acquirement {unknown}
 y - a scroll of magic mapping {!r}
 F - a scroll of vulnerability {!r!r}
 M - a scroll of fog
 W - a scroll of enchant armour {unknown}
 Y - a scroll of silence {unknown}
 Z - a scroll of torment {unknown}
Potions
 h - 4 potions of flight
 j - 2 potions of lignification {unknown}
 p - a potion of might {unknown}
 r - a potion of resistance {unknown}
 u - 3 potions of magic {unknown}
 w - a potion of mutation {unknown}
 z - 4 potions of cancellation
 B - 2 potions of degeneration {unknown}
 G - 2 potions of curing {@q1}
 K - 3 potions of attraction {unknown}
 O - 6 potions of brilliance

Dungeon Overview and Level Annotations

Branches:
Dungeon (9/15) Zot: 26315  Temple (1/1) D:5 Zot: 5812   Sewer (visited)
   Lair: D:8-11         Orc: D:9-12

Altars:
Ashenzari
Elyvilon
Fedhas
Gozag
Hepliaklqana
Kikubaaqudgha
Makhleb
Okawaru
Qazlal
Ru
Uskayaw
Vehumet
Wu Jian
Xom
Yredelemnul
Zin
The Shining One

Shops:
D:8 (

Annotations:
D:3 1 runed translucent door, Crazy Yiuf

# # ###### # #..).# #
#.##)#
######>##)#######.#
.....)..).#).)....#
######.####.#####.##.
#.# #.#........
#.####)#.##@#####
#........).oo....
######)#.#...###.
#...).#...#
#.#.#.....#
#.#.#.#.#.# #
#.#.#>#.# #.#.#.#.#
#.#.#


You could see an orc warrior and an orc.


Message History

You see here a +0 flail {mace}.
An orc comes into view. It is wielding a +0 short sword.
You lunge at the orc, in a flurry of attacks.
You closely miss the orc. You hit the orc. x2
You kill the orc!
The Council accepts your kill.
You hit the orc. The orc completely misses you.
You hit the orc. You barely miss the orc. You hit the orc.
You kill the orc!
The Council accepts your kill.
As you read the scroll of enchant weapon, it crumbles to dust.
Your +2 dagger of speed {short} glows red for a moment.
As you read the scroll of enchant weapon, it crumbles to dust.
Your +3 dagger of speed {short} glows red for a moment.
You see here a +0 flail {mace}.
Things that are here:
a +0 club {mace}; a +0 leather armour; an orc corpse
Items here: )) [ †.
You now have 602 gold pieces (gained 13).
Things that are here:
a +0 dire flail {mace}; a +0 plate armour
Items here: )) [ †.
Things that are here:
a +0 club {mace}; a +0 leather armour; an orc corpse You see here a +0 short sword {short}.
Things that are here:
a +0 whip {mace}; an orc corpse A troll comes into view.
The troll moves out of view.
Unknown command.
Found a stone staircase leading down.
Unknown command.
A troll is nearby!
Danger!
Unknown command.
You lunge at the troll, in a flurry of attacks.
You hit the troll. x2; You barely miss the troll.
The troll bites you but does no damage. The troll claws you but does no damage.
The troll closely misses you.
Unknown command.
An orc warrior comes into view. It is wielding a +0 flail.
You spin and attack the troll repeatedly.
The orc warrior shouts!
You hit the troll. You hit the troll but do no damage. You hit the troll.
You hear a shout!
You hear a bellow!
You hear a shout!
You hear an angry buzzing noise.
You hear a bellow!
You hear an angry buzzing noise.
You hear a bellow!
The troll bites you. The troll claws you.
The troll claws you but does no damage.
You hear an angry buzzing noise.
You hear a shout!
You spin and attack the troll repeatedly.
You closely miss the troll. You hit the troll but do no damage.
You hit the troll.
You hear an angry buzzing noise.
You hear a bellow!
The troll misses you. The troll closely misses you. The troll misses you.
Unknown command.
You spin and attack the troll repeatedly.
You closely miss the troll.
You hit the troll. x2; The troll bites you!
The troll claws you but does no damage. The troll claws you.
You spin and attack the troll repeatedly.
You hit the troll. You closely miss the troll. You hit the troll.
The troll bites you. The troll misses you. The troll claws you.
You spin and attack the troll repeatedly.
You hit the troll. x2; You hit the troll but do no damage.
You hit the troll.
You spin and attack the orc warrior repeatedly.
You completely miss the orc warrior.
You hit the orc warrior but do no damage.
You barely miss the orc warrior. Your punch misses the orc warrior.
You hit the orc warrior but do no damage.
The troll misses you. The troll claws you!
* * * LOW HITPOINT WARNING * * *
The troll claws you.
* * * LOW HITPOINT WARNING * * *
The orc warrior hits you with a +0 flail.
* * * LOW HITPOINT WARNING * * *
You spin and attack the troll repeatedly.
You closely miss the troll. You barely miss the troll.
The troll barely misses you. x2; The troll closely misses you.
Unknown command.
You spin and attack the troll repeatedly.
You hit the troll. x2; You puncture the troll!
You kill the troll!
The Council accepts your kill.
Unknown command.
An orc comes into view. It is wielding a +0 club.
You spin and attack the orc warrior repeatedly.
You hit the orc warrior.
You hit the orc warrior but do no damage. x2
The orc warrior hits you with a +0 flail.
* * * LOW HITPOINT WARNING * * *
You spin and attack the orc warrior repeatedly.
You hit the orc warrior but do no damage. x4
The orc warrior hits you with a +0 flail!
* * * LOW HITPOINT WARNING * * *
You spin and attack the orc warrior repeatedly.
You hit the orc warrior.
You hit the orc warrior but do no damage. x2
The orc warrior hits you with a +0 flail!
You die...

Skill      XL: |  1  2  3  4  5  6  7  8  9 10 11 |
---------------+----------------------------------+-----
Short Blades   | 3 4 5 6 8 9 10 | 10.0
Stealth        | 6 7 8 9 10 13 15 | 15.0
Fighting       | 3 5 6 9 10 | 10.4
Dodging        | 4 |  4.0
Throwing       | |  2.1

Action                     |  1- 3 |  4- 6 |  7- 9 | 10-12 || total
---------------------------+-------+-------+-------+-------++-------
  Melee: Dagger            |    66 |   254 |   377 |   241 ||   938
         Punch             |       |     3 |     4 |     6 ||    13
         Short sword       |       |       |       |   312 ||   312
  Throw: Dart              |     3 |     6 |       |       ||     9
Ability: Lunge             |       |       |    21 |    35 ||    56
         Whirlwind         |       |       |   137 |   234 ||   371
         Wall Jump         |       |       |       |     1 ||     1
    Use: Scroll            |       |       |    16 |     3 ||    19
         Potion            |       |       |     9 |     2 ||    11
   Stab: Sleeping          |    10 |    22 |    25 |    19 ||    76
         Distracted        |       |       |     3 |       ||     3
         Invisible         |       |       |       |     6 ||     6
 Armour: Robe              |    10 |    49 |    18 |       ||    77
         Ring mail         |       |       |    95 |    66 ||   161
  Dodge: Dodged            |    39 |   131 |   154 |   153 ||   477

Levels and vault maps discovered:
D:1:      noname_arrival_rooms_in_the_neighbourhood, layout_basic
D:2:      layout_basic, shapermc_ecumenical_altar_starsandcircs, uniq_terence
D:3:      layout_basic, lemuel_round_altar, uniq_ijyb, uniq_crazy_yiuf_cottage
D:4:      layout_rooms, gup_sewer_entry_glass, minmay_cupped
D:5:      layout_basic, kennysheep_mini, minmay_temple_entry_glass, uniq_sigmund
D:6:      layout_rooms, grunt_temple_overflow_open
D:7:      layout_gridville
D:8:      layout_cave_pools, serial_gnoll_camp, gnoll_camp_mini_house,
          gnoll_camp_mini_doghouse, gnoll_camp_mini_house, gnoll_camp_huts_moat,
          serial_shops, shop
D:9:      layout_basic, erik_orc_1, grunt_ministairs_12
Temple:   nicolae_temple_slightly_damp_pantheon

Notes
Turn   | Place    | Note
-------+----------+-------------------------------------------
     0 | D:1      | Sobieck the Kobold Brigand began the quest for the Orb.
     0 | D:1      | Reached XP level 1. HP: 12/12 MP: 1/1
   212 | D:1      | Reached skill level 3 in Short Blades
   256 | D:1      | Reached XP level 2. HP: 17/17 MP: 2/2
  1020 | D:2      | HP: 4/17 [worm (8)]
  1023 | D:2      | Reached skill level 6 in Stealth
  1023 | D:2      | Reached XP level 3. HP: 5/21 MP: 3/3
  1329 | D:2      | Noticed Terence
  1333 | D:2      | Killed Terence
  1334 | D:2      | Reached skill level 4 in Short Blades
  1334 | D:2      | Reached XP level 4. HP: 26/26 MP: 4/4
  1373 | D:2      | Found a faded altar of an unknown god.
  1924 | D:3      | Reached skill level 7 in Stealth
  1924 | D:3      | Reached XP level 5. HP: 24/30 MP: 5/5
  2126 | D:3      | Reached skill level 5 in Short Blades
  2426 | D:3      | Found a blossoming altar of Fedhas.
  2469 | D:3      | Noticed Ijyb
  2474 | D:3      | Killed Ijyb
  2693 | D:3      | Identified the +1 pair of boots "Raxexom" {rElec rPois rF+
                  | Will-}
  2764 | D:3      | Found a runed translucent door.
  2767 | D:3      | Noticed Crazy Yiuf
  2833 | D:3      | Reached XP level 6. HP: 27/35 MP: 6/6
  3377 | D:4      | Reached skill level 6 in Short Blades
  3415 | D:4      | Reached skill level 8 in Stealth
  3427 | D:4      | You pick up a book of Armaments and begin reading...
  3427 | D:4      | You add the spells Stone Arrow, Animate Armour and
                  | Lehudib's Crystal Spear to your library.
  3429 | D:4      | Found a glowing drain.
  3502 | Sewer    | Entered a sewer
  3582 | Sewer    | Noticed a water moccasin
  3586 | Sewer    | Killed a water moccasin
  3587 | Sewer    | Reached XP level 7. HP: 40/40 MP: 7/7
  3844 | D:4      | Identified the +1 ring mail of Joeblogo {rElec Int+3}
  3917 | D:4      | Reached skill level 7 in Short Blades
  3941 | D:3      | Reached skill level 9 in Stealth
  4116 | D:5      | Entered Level 5 of the Dungeon
  4123 | D:5      | Found an ancient bone altar of Kikubaaqudgha.
  4257 | D:5      | Reached skill level 8 in Short Blades
  4619 | D:5      | Found a staircase to the Ecumenical Temple.
  4635 | Temple   | Entered the Ecumenical Temple
  4802 | Temple   | Became a worshipper of the Wu Jian Council
  4835 | D:5      | Noticed Sigmund
  4847 | D:5      | Killed Sigmund
  4848 | D:5      | Reached skill level 3 in Fighting
  4848 | D:5      | Reached XP level 8. HP: 42/46 MP: 8/8
  4981 | D:5      | You add the spells Shock, Momentum Strike, Teleport Other,
                  | Freezing Cloud and Chain Lightning to your library.
  4981 | D:5      | Got the Handbook of Points and Feathers
  5141 | D:6      | Reached skill level 9 in Short Blades
  5141 | D:6      | Reached skill level 10 in Stealth
  5212 | D:6      | Reached skill level 4 in Fighting
  5224 | D:6      | Found an iron altar of Okawaru.
  5242 | D:6      | Found a glowing golden altar of the Shining One.
  5587 | D:6      | HP: 10/48 [black bear (6)]
  5589 | D:6      | Reached skill level 5 in Fighting
  5589 | D:6      | Reached XP level 9. HP: 11/54 MP: 9/9
  5831 | D:6      | Found a broken altar of Ashenzari.
  5835 | D:6      | Found a sacrificial altar of Ru.
  6000 | D:7      | Reached skill level 11 in Stealth
  6107 | D:7      | Reached skill level 10 in Short Blades
  6111 | D:7      | Reached * piety under Wu Jian
  6376 | D:6      | Reached skill level 12 in Stealth
  6746 | D:7      | Reached skill level 2 in Dodging
  6956 | D:7      | Reached skill level 3 in Dodging
  7618 | D:7      | HP: 7/48 [wight/+4 falchion (9)]
  7698 | D:7      | HP: 2/43 [wight/iceblast (12)]
  8028 | D:8      | Reached skill level 6 in Fighting
  8055 | D:8      | You pick up a book of Party Tricks and begin reading...
  8055 | D:8      | You add the spells Apportation and Alistair's Intoxication
                  | to your library.
  8078 | D:8      | Reached skill level 4 in Dodging
  8080 | D:8      | Reached skill level 13 in Stealth
  8080 | D:8      | Reached XP level 10. HP: 46/60 MP: 10/10
  8095 | D:8      | Reached skill level 7 in Fighting
  8101 | D:8      | Reached ** piety under Wu Jian
  8102 | D:8      | Reached skill level 14 in Stealth
  8473 | D:7      | HP: 15/63 [wight/+4 hand axe of freezing (6)]
  8474 | D:7      | HP: 7/61 [wight/+4 hand axe of freezing (4)]
  8777 | D:8      | Reached skill level 15 in Stealth
  9189 | D:8      | Reached skill level 8 in Fighting
  9294 | D:8      | Reached *** piety under Wu Jian
  9379 | D:8      | Found Baggoet's Weapon Shop.
  9548 | D:9      | Reached skill level 9 in Fighting
  9660 | D:8      | HP: 12/66 [yak (8)]
  9870 | D:9      | Reached XP level 11. HP: 25/72 MP: 11/11
 10114 | D:9      | Reached skill level 10 in Fighting
 10224 | D:9      | HP: 11/73 [orc warrior/+0 flail (10)]
 10225 | D:9      | Slain by an orc warrior

Vanquished Creatures
  A troll (D:9)
  Sigmund (D:5)
  12 yaks
  An acid dragon (D:6)
  3 water moccasins
  A black bear (D:6)
  2 orc warriors
  An ice beast (D:7)
  An ogre (D:5)
  A wolf (D:8)
  3 centaurs
  A kobold brigand (D:9)
  5 gnoll sergeants
  10 wights
  3 electric eels (D:8)
  2 howler monkeys
  6 orc priests
  3 gnoll boudas
  10 hounds
  A sleepcap (D:7)
  2 iguanas
  Ijyb (D:3)
  10 orc wizards
  Terence (D:2)
  35 gnolls
  9 adders
  2 white imps
  An ufetubus (D:5)
  3 worms
  2 dart slugs (D:1)
  41 orcs
  5 ball pythons
  11 bats
  4 giant cockroaches
  6 goblins
  5 hobgoblins
  10 jackals
  17 kobolds
  3 quokkas
  5 frilled lizards
  5 rats
246 creatures vanquished.

Vanquished Creatures (others)
  3 wights (D:7)
  An orc (D:3)
4 creatures vanquished.

Grand Total: 250 creatures vanquished

Table legend:
 A = Non-vault XP
 B = Vault XP
 C = Vault XP percentage of total XP
 D = Non-vault monster count
 E = Vault monster count
 F = Vault count percentage of total count
                 A         B        C        D         E       F
            +---------+---------+-------+---------+---------+-------
      Total |    5332 |    3015 |  36.1 |     185 |      65 |  26.0
            +---------+---------+-------+---------+---------+-------
        D:1 |      18 |       0 |   0.0 |       8 |       0 |   0.0
        D:2 |      57 |      32 |  36.0 |      22 |       1 |   4.3
        D:3 |     204 |      36 |  15.0 |      28 |       1 |   3.4
        D:4 |      94 |      94 |  50.0 |      19 |       7 |  26.9
        D:5 |     239 |     239 |  50.0 |      11 |       1 |   8.3
        D:6 |     969 |       0 |   0.0 |      12 |       0 |   0.0
        D:7 |    1554 |       0 |   0.0 |      45 |       0 |   0.0
        D:8 |    1526 |    1603 |  51.2 |      22 |      41 |  65.1
        D:9 |     671 |     859 |  56.1 |      18 |       5 |  21.7
      Sewer |       0 |     152 | 100.0 |       0 |       9 | 100.0
            +---------+---------+-------+---------+---------+-------

Skill      XL: |  1  2  3  4  5  6  7  8  9 10 11 |
---------------+----------------------------------+-----
Short Blades   | 3 4 5 6 8 9 10 | 10.0
Stealth        | 6 7 8 9 10 13 15 | 15.0
Fighting       | 3 5 6 9 10 | 10.4
Dodging        | 4 |  4.0
Throwing       | |  2.1

Action                     |  1- 3 |  4- 6 |  7- 9 | 10-12 || total
---------------------------+-------+-------+-------+-------++-------
  Melee: Dagger            |    66 |   254 |   377 |   241 ||   938
         Punch             |       |     3 |     4 |     6 ||    13
         Short sword       |       |       |       |   312 ||   312
  Throw: Dart              |     3 |     6 |       |       ||     9
Ability: Lunge             |       |       |    21 |    35 ||    56
         Whirlwind         |       |       |   137 |   234 ||   371
         Wall Jump         |       |       |       |     1 ||     1
    Use: Scroll            |       |       |    16 |     3 ||    19
         Potion            |       |       |     9 |     2 ||    11
   Stab: Sleeping          |    10 |    22 |    25 |    19 ||    76
         Distracted        |       |       |     3 |       ||     3
         Invisible         |       |       |       |     6 ||     6
 Armour: Robe              |    10 |    49 |    18 |       ||    77
         Ring mail         |       |       |    95 |    66 ||   161
  Dodge: Dodged            |    39 |   131 |   154 |   153 ||   477

Illustrated notes

Table legend:
 A = Kills in this place as a percentage of kills in the entire game.
 B = Kills by you in this place as a percentage of kills by you in the entire game.
 C = Kills by friends in this place as a percentage of kills by friends in the entire game.
 D = Other kills in this place as a percentage of other kills in the entire game.
 E = Experience gained in this place as a percentage of experience gained in the entire game.
 F = Experience gained in this place divided by the number of levels of this place that you have seen.
                   A       B       C       D       E      F
               +-------+-------+-------+-------+-------+----------------------
         Total | 100.0 | 100.0 |   N/A | 100.0 | 100.0 | 758.8
       Dungeon |  96.4 |  96.3 |   N/A | 100.0 |  98.2 | 910.6
         Sewer |   3.6 |   3.7 |   N/A |   0.0 |   1.8 | 152.0
               +-------+-------+-------+-------+-------+----------------------

Table legend: (Time is in decaauts)
 A = Elapsed time spent in this place.
 B = Non-inter-level travel time spent in this place.
 C = Inter-level travel time spent in this place.
 D = Time resting spent in this place.
 E = Time spent auto-exploring this place.
 F = Levels seen in this place.
 G = Mean time per level.
                   A        B        C        D        E       F      G
               +--------+--------+--------+--------+--------+-----+--------+
         Total |  10089 |   9832 |    257 |   1999 |   5584 |  11 |  917.2 |
       Dungeon |   9784 |   9547 |    237 |   1969 |   5433 |   9 | 1087.1 |
        Temple |    187 |    167 |     20 |      0 |    151 |   1 |  187.0 |
         Sewer |    116 |    116 |      0 |     30 |      0 |   1 |  116.0 |
               +--------+--------+--------+--------+--------+-----+--------+

Top non-repeatable levels by time:
     D:7: 1968 daAuts
     D:8: 1764 daAuts
     D:3: 1402 daAuts
     D:2: 975 daAuts
     D:6: 921 daAuts
     D:1: 871 daAuts
     D:5: 811 daAuts
     D:4: 670 daAuts
     D:9: 399 daAuts
  Temple: 187 daAuts
   Sewer: 116 daAuts
